 Dungeon Crawl Stone Soup version 0.32-a0-799-g95e1662365 (webtiles) character file.

Game seed: 12160346451083193179

8040 Fodor the Cleaver (level 11, -23/97 HPs)
             Began as a Minotaur Fighter on Mar 21, 2024.
             Was an Initiate of Gozag.
             Killed from afar by an ice statue (35 damage)
             ... with a shard of ice
             ... on level 9 of the Dungeon.
             The game lasted 00:25:19 (7655 turns).

Fodor the Cleaver (Minotaur Fighter)                Turns: 7655, Time: 00:25:21

Health: -23/97     AC: 20    Str: 31    XL:     11   Next: 4%
Magic:  10/10      EV:  8    Int:  5    God:    Gozag
Gold:   754        SH:  5    Dex: 10    Spells: 10/10 levels left

rFire   + . .        a - +7 broad axe
rCold   x . .        c - +0 buckler
rNeg    . . .        l - +2 plate armour
rPois   .            (helmet restricted)
rElec   .            H - +0 cloak
rCorr   .            k - +0 pair of gloves
SInv    .            n - +0 pair of boots
Will    .....        s - amulet of regeneration Stlth
                     q - +6 ring of strength
HPRegen 1.16/turn    F - ring of fire
MPRegen 0.12/turn

%: no passive effects
@: no status effects
A: horns 2, retaliatory headbutt
a: Renounce Religion, Potion Petition, Call Merchant, Bribe Branch


You were on level 9 of the Dungeon.
You worshipped Gozag.
Gozag was pleased with you.
You visited 2 branches of the dungeon, and saw 10 of its levels.
You also visited: Ossuary and Bailey.

You collected 952 gold pieces.
You paid 198 gold pieces to Gozag.

Inventory:

Hand Weapons
 a - a +7 broad axe (weapon)
 G - a +2 quarterstaff of chaos
 I - a +7 flail of holy wrath
Missiles
 L - 5 boomerangs (quivered)
Armour
 c - a +0 buckler (worn)
 k - a +0 pair of gloves (worn)
 l - a +2 plate armour (worn)
 n - a +0 pair of boots (worn)
 H - a +0 cloak (worn)
 R - a +3 scale mail
Jewellery
 q - a +6 ring of strength (left hand)
 s - an amulet of regeneration (around neck)
 F - a ring of fire (right hand)
 O - the ring of Compassion {rF+ rC+ Dex+3 SInv Stlth-}
   (You found it in a bailey)

   [ring of protection from cold]

   Dex+3:     It affects your dexterity (+3).
   rF+:       It protects you from fire.
   rC+:       It protects you from cold.
   SInv:      It lets you see invisible.
   Stlth-:    It makes you less stealthy.
 P - a ring of resist corrosion
Talismans
 p - a beast talisman
Wands
 i - a wand of flame (21)
 t - a wand of acid (9)
Scrolls
 e - 6 scrolls of revelation
 h - a scroll of immolation {unknown}
 j - 4 scrolls of vulnerability
 m - 5 scrolls of blinking
 r - 3 scrolls of teleportation
 u - 2 scrolls of torment {unknown}
 x - 4 scrolls of fog
 y - 2 scrolls of poison
 C - a scroll of noise
 D - a scroll of silence
 J - a scroll of summoning {unknown}
 N - a scroll of brand weapon {unknown}
 S - a scroll of fear {unknown}
Potions
 b - 2 potions of brilliance {unknown}
 d - a potion of might
 f - a potion of attraction
 g - 2 potions of haste
 o - a potion of heal wounds
 v - a potion of ambrosia {unknown}
 w - a potion of invisibility
 z - a potion of curing {unknown}
 A - a potion of degeneration {unknown}
 B - a potion of berserk rage {unknown}
 E - a potion of magic {unknown}
 K - a potion of experience
 M - a potion of cancellation {unknown}
 Q - a potion of resistance {unknown}


   Skills:
 + Level 9.3 Fighting
 + Level 12.0(12.9) Axes
 + Level 7.9(11.0) Maces & Flails
 + Level 0.9 Throwing
 + Level 9.5 Armour
 + Level 3.8 Dodging
 + Level 1.4 Stealth
 + Level 7.3 Shields


You had 10 spell levels left.
You didn't know any spells.
Your spell library contained the following spells:

 Spells                   Type           Power      Damage    Failure   Level
 Freeze                   Ice            0%         1d3       99%         1
 Magic Dart               Conj           0%         1d3       99%         1
 Blink                    Tloc           0%         N/A       99%         2
 Call Imp                 Summ           0%         N/A       99%         2
 Lesser Beckoning         Tloc           0%         N/A       99%         2
 Momentum Strike          Conj/Tloc      0%         3d8       99%         2
 Sublimation of Blood     Necr           0%         N/A       99%         2
 Frozen Ramparts          Ice            0%         1d1       100%        3
 Hailstorm                Conj/Ice       0%         3d5       100%        3
 Petrify                  Alch/Erth      0%         N/A       100%        4
 Irradiate                Conj/Alch      0%         3d11      100%        5


Dungeon Overview and Level Annotations

Branches:
Dungeon (9/15)             Temple (1/1) D:7         Ossuary (visited)
 Bailey (visited)
   Lair: D:8-11         Orc: D:9-12

Altars:
Ashenzari
Cheibriados
Dithmenos
Elyvilon
Fedhas
Gozag
Hepliaklqana
Kikubaaqudgha
Makhleb
Nemelex Xobeh
Qazlal
Ru
Sif Muna
Trog
Uskayaw
Vehumet
Wu Jian
Yredelemnul
Zin
The Shining One

Annotations:
D:9 exclusion: ice statue


Innate Abilities, Weirdness & Mutations

You have a pair of horns on your head.
You reflexively headbutt those who attack you in melee.


Message History

The ice beast barely misses you. You furiously retaliate!
You headbutt the ice beast!
You kill the ice beast!
The ice beast disappears in a puff of smoke!
You block the ice beast's attack. The ice statue gestures at you.
The shard of ice hits you!!
You feel a painful chill!
* * * LOW HITPOINT WARNING * * *
The ice beast hits you.
* * * LOW HITPOINT WARNING * * *
The ice beast freezes you!!
You feel a terrible chill!
* * * LOW HITPOINT WARNING * * *
The ice statue gestures.
You see here 21 gold pieces.
You hit the ice statue but do no damage.
You slice the ice beast!! You hit the ice beast.
The ice beast hits you but does no damage.
The ice statue gestures.
The ice beast hits you but does no damage.
You completely miss the ice statue.
You headbutt the ice statue, but do no damage.
You hit the ice beast. You slice the ice beast!!
You kill the ice beast!
The ice beast disappears in a puff of smoke!
The ice beast hits you but does no damage.
You slash the ice statue!
The ice statue is lightly damaged.
You slash the ice beast!
The ice beast hits you but does no damage.
The ice statue gestures.
The ice beast hits you but does no damage.
You slash the ice statue!
The ice statue is moderately damaged.
You slice the ice beast!! You slash the ice beast!
You barely miss the ice beast.
The ice beast hits you but does no damage.
The ice statue gestures at you. The shard of ice hits you!!
You feel a painful chill!
You die...
Your body crumbles into a pile of gold.

...... ####
....... #...##.
...............
.....#ß#ß#.....
##
....#ß...ß#....
...
<..ß.§§..ß....
..###.#.(I$.#....
....ß.Y@..ß....
##..#ßY.Yß#....
#...#ß.ß#.....
#.#...........
#..##...#..###
#$.###....##
#.[.##...##
##.#.##...#
##.......#.#


You could see an ice statue and 3 ice beasts.

Vanquished Creatures
  An orc warlord (Bailey)
  An orc knight (Bailey)
  A hornet (D:8)
  9 yaks
  Eustachio (D:4)
  A steam dragon (D:8)
  Edmund (D:6)
  2 water moccasins (D:7)
  12 orc warriors
  2 black bears
  2 ice beasts
  3 ogres (D:6)
  A centaur (D:7)
  2 phantoms
  2 elf zombies (Ossuary)
  4 bullfrogs
  A gnoll sergeant (D:7)
  3 scorpions
  4 wights (D:7)
  6 killer bees (D:6)
  A howler monkey (D:7)
  3 centaur zombies (Ossuary)
  3 bombardier beetles
  4 jellies
  4 orc priests
  Crazy Yiuf (D:5)
  7 hounds
  2 human zombies (Ossuary)
  2 sleepcaps
  5 iguanas
  10 orc wizards
  5 hound zombies (Ossuary)
  2 mummies (Ossuary)
  13 gnolls
  5 adders
  A shadow imp (D:8)
  2 ufetubi (D:7)
  7 adder zombies (Ossuary)
  3 dart slugs
  43 orcs
  4 ball pythons
  8 endoplasms
  3 giant cockroaches
  8 gnoll zombies (Ossuary)
  26 goblins
  10 hobgoblins
  4 jackals (D:3)
  3 quokkas
  4 bats
  5 frilled lizards
  3 jackal zombies (Ossuary)
  8 kobolds
  3 kobold zombies (Ossuary)
  4 orc zombies (Ossuary)
  3 rats
278 creatures vanquished.

Notes
Turn   | Place    | Note
-------+----------+-------------------------------------------
     0 | D:1      | Fodor the Minotaur Fighter began the quest for the Orb.
     0 | D:1      | Reached XP level 1. HP: 19/19 MP: 0/0
    93 | D:1      | Reached XP level 2. HP: 27/27 MP: 1/1
   876 | D:2      | Reached XP level 3. HP: 30/33 MP: 2/2
  1615 | D:3      | Reached skill level 3 in Axes
  1681 | D:3      | Reached XP level 4. HP: 33/41 MP: 3/3
  2028 | D:4      | Reached XP level 5. HP: 32/47 MP: 4/4
  2032 | D:4      | Reached skill level 1 in Dodging
  2420 | D:4      | Reached skill level 4 in Axes
  2427 | D:4      | Reached skill level 5 in Armour
  2437 | D:4      | Noticed a black bear
  2447 | D:4      | Killed a black bear
  2448 | D:4      | Reached skill level 5 in Fighting
  2448 | D:4      | Reached XP level 6. HP: 43/56 MP: 5/5
  2526 | D:4      | Reached skill level 5 in Axes
  2547 | D:4      | Noticed a yak
  2551 | D:4      | Killed a yak
  2554 | D:4      | Reached XP level 7. HP: 46/61 MP: 6/6
  2629 | D:4      | Noticed Eustachio
  2641 | D:4      | Killed Eustachio
  2642 | D:4      | Reached skill level 6 in Axes
  2708 | D:4      | Reached skill level 5 in Shields
  2906 | D:5      | Entered Level 5 of the Dungeon
  2943 | D:5      | Reached skill level 7 in Axes
  2995 | D:5      | Reached XP level 8. HP: 36/70 MP: 7/7
  3067 | D:5      | Found a sand-covered staircase.
  3105 | Ossuary  | Entered an ossuary
  3259 | Ossuary  | Reached skill level 8 in Axes
  3494 | D:5      | Reached skill level 9 in Axes
  3667 | D:5      | Found a runed translucent door.
  3668 | D:5      | Noticed Crazy Yiuf
  3975 | D:5      | Killed Crazy Yiuf
  4197 | D:6      | Reached XP level 9. HP: 68/78 MP: 8/8
  4398 | D:6      | Noticed Edmund
  4405 | D:6      | Killed Edmund
  4406 | D:6      | Reached skill level 10 in Axes
  4800 | D:6      | Reached skill level 1 in Stealth
  4859 | D:6      | Reached skill level 1 in Maces & Flails
  5487 | D:7      | Found a flagged portal.
  5525 | Bailey   | Entered a bailey
  5662 | Bailey   | Reached XP level 10. HP: 70/88 MP: 9/9
  5692 | Bailey   | Noticed an orc knight
  5711 | Bailey   | Killed an orc knight
  5712 | Bailey   | Reached skill level 5 in Maces & Flails
  5880 | Bailey   | Noticed an orc warlord
  5913 | Bailey   | Killed an orc warlord
  5944 | Bailey   | Identified the ring of Compassion {rF+ rC+ Dex+3 SInv
                  | Stlth-}
  6026 | D:7      | Reached skill level 11 in Axes
  6285 | D:7      | Found a staircase to the Ecumenical Temple.
  6303 | Temple   | Entered the Ecumenical Temple
  6338 | Temple   | Became a worshipper of Gozag Ym Sagoz the Greedy
  7613 | D:9      | Noticed an ice statue
  7620 | D:9      | Reached XP level 11. HP: 83/97 MP: 10/10
  7627 | D:9      | Reached skill level 12 in Axes
  7655 | D:9      | Killed from afar by an ice statue

Illustrated notes

Levels and vault maps discovered:
D:1:      dpeg_arrival_prison, layout_loops_ring, serial_forest,
          infiniplex_forest_straight_4, infiniplex_forest_lined_room_3,
          infiniplex_forest_zigzag_1, infiniplex_forest_lined_1,
          infiniplex_forest_3_way
D:2:      layout_rooms, nicolae_eternal_life, nrook_campfire
D:3:      layout_loops_ring
D:4:      layout_layer_cave, minmay_small_thing, uniq_eustachio
D:5:      minmay_spotlight, layout_cave_pools, serial_glass, glass_columns_a,
          glass_columns_a, glass_columns_a, glass_columns_a, glass_columns_c,
          glass_columns_b, glass_columns_a, glass_columns_b,
          lightli_ossuary_entry_decrepit_ruins, uniq_crazy_yiuf_cottage
D:6:      minmay_skewed_foursquare, layout_basic, grunt_decor_clamped,
          uniq_edmund
D:7:      layout_cave_pools, minmay_temple_entry_glassed_door, enter_bailey_5
D:8:      layout_layer_cave
D:9:      layout_rooms, amethyst_overflow_temple_binary, minmay_statue_bubble
Temple:   mainiacjoe_temple_cubbyholes

Skill      XL: |  1  2  3  4  5  6  7  8  9 10 11 |
---------------+----------------------------------+-----
Shields        | 4 5 6 7 |  7.3
Armour         | 4 5 6 8 9 |  9.5
Fighting       | 4 5 6 7 9 |  9.3
Axes           | 3 4 5 7 9 10 11 12 | 12.0
Dodging        | 1 2 3 |  3.8
Stealth        | 1 |  1.4
Maces & Flails | 4 7 |  7.9
Throwing       | |  0.9

Action                     |  1- 3 |  4- 6 |  7- 9 | 10-12 || total
---------------------------+-------+-------+-------+-------++-------
  Melee: War axe           |    85 |    59 |   220 |       ||   364
         Headbutt          |    11 |    11 |    52 |    33 ||   107
         Flail             |       |       |   132 |    81 ||   213
         Broad axe         |       |       |       |    88 ||    88
  Throw: Boomerang         |       |       |     7 |       ||     7
    Use: Scroll            |       |       |    11 |     4 ||    15
         Potion            |       |       |       |     4 ||     4
   Stab: Invisible         |       |       |       |     1 ||     1
 Armour: Scale mail        |    76 |    57 |   162 |       ||   295
         Plate armour      |       |       |   135 |   159 ||   294
  Dodge: Dodged            |    51 |    44 |   156 |    55 ||   306
  Block: Buckler           |    27 |    18 |   110 |    40 ||   195

Table legend: (Time is in decaauts)
 A = Elapsed time spent in this place.
 B = Non-inter-level travel time spent in this place.
 C = Inter-level travel time spent in this place.
 D = Time resting spent in this place.
 E = Time spent auto-exploring this place.
 F = Levels seen in this place.
 G = Mean time per level.
                   A        B        C        D        E       F      G
               +--------+--------+--------+--------+--------+-----+--------+
         Total |   7719 |   7540 |    179 |     64 |   4997 |  12 |  643.2 |
       Dungeon |   6863 |   6684 |    179 |     64 |   4741 |   9 |  762.6 |
        Temple |     67 |     67 |      0 |      0 |      0 |   1 |   67.0 |
       Ossuary |    339 |    339 |      0 |      0 |     95 |   1 |  339.0 |
        Bailey |    448 |    448 |      0 |      0 |    161 |   1 |  448.0 |
               +--------+--------+--------+--------+--------+-----+--------+

Top non-repeatable levels by time:
     D:6: 1361 daAuts
     D:8: 1156 daAuts
     D:4: 987 daAuts
     D:5: 841 daAuts
     D:1: 691 daAuts
     D:2: 660 daAuts
     D:3: 622 daAuts
     D:7: 490 daAuts
  Bailey: 448 daAuts
 Ossuary: 339 daAuts
  Temple: 67 daAuts
     D:9: 52 daAuts
